[Event "GrandPrix_29.05"]
[Site "Chess.com"]
[Date "2020.05.29"]
[Round "6"]
[White "Vazgen352"]
[Black "kirillshevchenko"]
[Result "0-1"]
[WhiteElo "2393"]
[BlackElo "2739"]
[TimeControl "600+2"]
[EndTime "12:02:23 PDT"]
[Termination "kirillshevchenko won on time"]

1. c4 Nf6 2. g3 e5 3. Bg2 Nc6 4. Nc3 Bc5 5. Nf3 d6 6. d3 h6 7. O-O O-O 8. a3 a6 9. b4 Ba7 10. Bb2 Bg4 11. h3 Be6 12. Rc1 Qd7 13. Kh2 Nd4 14. Nxd4 exd4 15. Ne4 Nxe4 16. dxe4 c5 17. Qd2 f5 18. exf5 Bxf5 19. bxc5 dxc5 20. e3 Rad8 21. exd4 cxd4 22. Rfe1 Kh7 23. Bd5 d3 24. f4 Rfe8 25. g4 Bg6 26. f5 Bf7 27. Qxd3 Bxd5 28.
cxd5 Bb8+ 29. Kg2 Qd6 30. f6+ Kg8 31. Rxe8+ Rxe8 32. Qf3 Qh2+ 33. Kf1 gxf6 34. Bd4 Be5 35. Be3 Bg3 36. Bg1 Qxh3+ 37. Qg2 Qxg4 38. d6 Qf4+ 39. Bf2 Qxc1+ 0-1

[Event "GrandPrix_29.05"]
[Site "Chess.com"]
[Date "2020.05.29"]
[Round "6"]
[White "Yaroslav_Remizov"]
[Black "ftorodent"]
[Result "1-0"]
[WhiteElo "2141"]
[BlackElo "2084"]
[TimeControl "600+2"]
[EndTime "12:02:23 PDT"]
[Termination "Yaroslav_Remizov won by resignation"]

1. e4 c5 2. Nf3 e6 3. d4 cxd4 4.
Nxd4 a6 5. c4 Nf6 6. Nc3 d6 7.
g3 Be7 8. Bg2 O-O 9. O-O Qc7 10.
Qe2 Nc6 11. Be3 Ne5 12. Rac1 Rb8 13. h3 b6 14. f4 Ng6 15. Rfd1 Re8 16. e5 dxe5 17.
Ndb5 axb5 18. Nxb5 Qd7 19. Rxd7 Nxd7 20. fxe5 Ndxe5 21. h4 h5 22. Qxh5 Bd7 23. Qe2 Rbc8 24. Na7 Ra8 25.
Bxa8 Rxa8 26. Bxb6 Nc6 27. Nxc6 Bxc6 28. b3 Bf6 29. b4 Ne5 30. b5 Bf3 31. Qe3 Rxa2 32. Qf4 Bb7 33. Bf2 Nf3+ 34. Kf1 Nh2+ 35. Kg1 Nf3+ 36.
Kg2 Be5 37. Qxf3 Bxf3+ 38. Kxf3 Ra3+ 39. Kg2 Ra2 40. Kf1 f5 41. c5 f4 42. gxf4 Bxf4 43.
Rb1 e5 44. b6 e4 45. b7 Bb8 46. Rd1 Bf4 47. Rd8+ 1-0

[Event "GrandPrix_29.05"]
[Site "Chess.com"]
[Date "2020.05.29"]
[Round "6"]
[White "AbasovN"]
[Black "GadimbayliA"]
[Result "0-1"]
[WhiteElo "2279"]
[BlackElo "2515"]
[TimeControl "600+2"]
[EndTime "12:02:25 PDT"]
[Termination "GadimbayliA won on time"]

1. e4 e5 2. Nf3 d5 3. exd5 e4 4.
Qe2 Nf6 5. Nc3 Be7 6. Nxe4 O-O 7. d3 Nxd5 8. Qd1 f5 9. Nc3 Nxc3 10. bxc3 Bf6 11.
d4 Re8+ 12. Be2 Qe7 13. Be3 Kh8 14. Qd2 Bd7 15. Rb1 b6 16. g3 Nc6 17. O-O f4 18.
gxf4 Rad8 19. Rfe1 Qf7 20. Qd3 Be6 21. c4 Nxd4 22. Nxd4 c5 23. c3 cxd4 24. cxd4 Bxd4 25. Bxd4 Bf5 26. Bh5 Qxh5 27. Rxe8+ Rxe8 28. Qg3 Qf7 29. Rd1 h6 30. Be5 Re6 31. Qc3 Rg6+ 32. Kf1 Rc6 33. Rd4 Rc8 34. a4 Be6 35. Ke1 Bxc4 36. Rd6 Be6 37.
Qd3 Bf5 38. Qd4 Kh7 0-1

[Event "GrandPrix_29.05"]
[Site "Chess.com"]
[Date "2020.05.29"]
[Round "6"]
[White "bsnsun"]
[Black "XeresLt"]
[Result "0-1"]
[WhiteElo "1951"]
[BlackElo "1925"]
[TimeControl "600+2"]
[EndTime "12:02:26 PDT"]
[Termination "XeresLt won by resignation"]

1. Nf3 Nf6 2. c4 g6 3. g3 Bg7 4. d4 O-O 5. Bg2 d6 6. Nc3 a6 7.
O-O Nbd7 8. h3 c5 9. e4 cxd4 10. Nxd4 Nc5 11. Be3 Bd7 12. b4 Ne6 13. a4 Rc8 14. Qe2 Qc7 15. Rac1 Nxd4 16. Bxd4 Qxc4 17. Qxc4 Rxc4 18. Bxf6 Bxf6 19. Nd5 Rfc8 20. Rxc4 Rxc4 21. Nb6 Rc7 22. Nxd7 Rxd7 23. Rc1 e6 24. Kf1 d5 25.
exd5 exd5 26. Ke2 Be7 27. b5 axb5 28. axb5 b6 29. Rd1 d4 30. Bc6 Rd8 31. Kd3 Bc5 32. Ra1 Kg7 33. Ra7 g5 34. Rd7 Rf8 35. Bd5 h5 36. g4 h4 37. Ke4 Kf6 38. Kd3 Kg6 39.
Be4+ Kf6 40. Bd5 Ke5 41. Be4 Bd6 42. Bc6 f5 43. Rg7 Kf4 44. Rg6 Bc5 45. Re6 Rf7 46. Be8 Ra7 47. Rf6 Ra3+ 48. Kc4 Rxh3 49. Rxf5+ Kxg4 50. Bd7 Rc3+ 51. Kd5 Kh5 52. f4 Rg3 53.
Be8+ Kh6 54. Rf6+ Kh7 55. f5 d3 56. Rf7+ Kg8 57. Rd7 h3 58. Ke6 Re3+ 59. Kf6 Rxe8 60.
Rxd3 g4 61. Rg3 h2 62. Rxg4+ Kf8 63. Rh4 Be7+ 64. Kg6 Bxh4 65. f6 h1=Q 0-1

[Event "GrandPrix_29.05"]
[Site "Chess.com"]
[Date "2020.05.29"]
[Round "6"]
[White "kotmizer"]
[Black "JonahWillow"]
[Result "1-0"]
[WhiteElo "2273"]
[BlackElo "2229"]
[TimeControl "600+2"]
[EndTime "12:02:38 PDT"]
[Termination "kotmizer won on time"]

1. e4 c5 2. Nf3 Nc6 3. Nc3 g6 4. d4 cxd4 5. Nxd4 Bg7 6. Be3 Nf6 7. f4 d6 8. h3 O-O 9. Qf3 Qa5 10. O-O-O Nxd4 11.
Bxd4 Be6 12. a3 a6 13. Qe3 Qc7 14. g4 b5 15. f5 Bc4 16. g5 Nh5 17. Bxg7 Kxg7 18.
Bg2 Rac8 19. Bf3 a5 20. f6+ Kh8 21. Bxh5 gxh5 22. Qd4 exf6 23. Qxf6+ Kg8 24. Qxd6 Qxd6 25. Rxd6 b4 26. axb4 axb4 27. Nd1 Rc5 28. Ne3 Rfc8 29. Nf5 Kf8 30. Rhd1 Ke8 31. Rb6 Kf8 32. Nd6 Ra8 33.
Rxb4 Be6 34. h4 Bg4 35. Re1 Ra1+ 36. Kd2 Rxe1 37. Kxe1 Rxc2 38. Nf5 Ke8 39. Rb8+ Kd7 40. Rb7+ Kd8 41. Nd6 Be6 42. Nxf7+ Bxf7 43. Rxf7 Rh2 44. Rxh7 Rxh4 45. Kd2 Rxe4 46. Rxh5 Rg4 47. Kc3 Kc7 48. b4 Kb6 49. Kd3 Rxb4 50. Ke3 Rg4 51. Kf3 Rg1 52.
Kf4 Kc7 53. Kf5 Kd7 54. Kf6 Rf1+ 55. Kg7 Rf5 56. Rh7 Ke6 57. g6 Rg5 58. Rh2 Rg1 59. Rf2 Rh1 60. Kg8 Ra1 61. g7 Ke7 62. Rf5 Ke6 63. Rh5 Kf6 64. Kh8 1-0

[Event "GrandPrix_29.05"]
[Site "Chess.com"]
[Date "2020.05.29"]
[Round "6"]
[White "Meizon19"]
[Black "Anton_Demchenko"]
[Result "0-1"]
[WhiteElo "2317"]
[BlackElo "2618"]
[TimeControl "600+2"]
[EndTime "12:02:40 PDT"]
[Termination "Anton_Demchenko won by resignation"]

1. e4 e5 2. Nf3 Nc6 3. Nc3 Nf6 4.
Be2 Bd6 5. O-O O-O 6. d3 Re8 7.
Bg5 h6 8. Bh4 Be7 9. Bg3 d6 10.
Nd2 Nd4 11. f4 exf4 12. Bxf4 Be6 13. Nf3 Nxe2+ 14. Qxe2 d5 15. e5 Nh7 16. d4 c5 17.
Rad1 Qd7 18. dxc5 Bxc5+ 19. Kh1 Rad8 20. Ne4 b6 21. Nd6 Bxd6 22. exd6 f6 23. Qd3 Nf8 24. Nd4 Bf7 25. Nf5 Ng6 26. Bxh6 gxh6 27. Nxh6+ Kh7 28. Nf5 Re4 29. Qd2 Kg8 30. Qh6 Be8 31. Rxd5 Qh7 32. Qd2 Bd7 33. Qd3 Re5 34. Rxe5 fxe5 35. Ne7+ Nxe7 36.
Qb3+ Kh8 37. Rf7 Qh5 38. h3 Ng8 39. Qd5 Bc6 40. Qe6 Rxd6 41. Qxd6 Qxh3+ 0-1

[Event "GrandPrix_29.05"]
[Site "Chess.com"]
[Date "2020.05.29"]
[Round "6"]
[White "Vnebo"]
[Black "Alex_Krayz"]
[Result "0-1"]
[WhiteElo "1979"]
[BlackElo "2136"]
[TimeControl "600+2"]
[EndTime "12:02:41 PDT"]
[Termination "Alex_Krayz won on time"]

1. e4 e6 2. d4 d5 3. Nc3 Bb4 4. Bd3 Ne7 5. exd5 exd5 6. Ne2 Bf5 7. O-O O-O 8. Bf4 c6 9. Ng3 Bxd3 10. Qxd3 Ng6 11.
Nce2 Nxf4 12. Nxf4 Bd6 13. Qf3 Nd7 14. Nf5 Nf6 15.
Rfe1 g6 16. Nxd6 Qxd6 17. Nd3 Ne4 18. Qe3 Rae8 19. f3 Nf6 20. Qg5 Rxe1+ 21. Rxe1 Re8 22. Re5 Kg7 23. Qe3 Qd7 24. Nc5 Qc8 25. Rxe8 Nxe8 26. Qe7 Nc7 27. Kf2 Kg8 28. Nd7 Ne6 29. Nf6+ Kg7 30. Ne8+ Kg8 31. Nd6 Qf8 32. Qxf8+ Kxf8 33. Nxb7 Nxd4 34. c3 Ne6 35. Na5 Nd8 36. c4 Ke7 37. Ke3 Kd6 38. cxd5 cxd5 39. b4 Ne6 40. Nb3 Ke5 41.
g3 g5 42. Kd3 h5 43. a4 h4 44. b5 Kd6 45. Nd4 Nc5+ 46. Ke3 hxg3 0-1

[Event "GrandPrix_29.05"]
[Site "Chess.com"]
[Date "2020.05.29"]
[Round "6"]
[White "tianachess"]
[Black "farhadtahirov"]
[Result "0-1"]
[WhiteElo "2027"]
[BlackElo "1934"]
[TimeControl "600+2"]
[EndTime "12:02:42 PDT"]
[Termination "farhadtahirov won by resignation"]

1. d4 Nf6 2. Nf3 e6 3. c4 d5 4. Nc3 Nbd7 5. Bg5 Bb4 6. e3 c5 7. cxd5 exd5 8. Be2 Qa5 9. O-O Bxc3 10. bxc3 Ne4 11. c4 Nc3 12. Qd2 Nxe2+ 13. Qxe2 dxc4 14. Qxc4 cxd4 15. exd4 O-O 16. Be7 Re8 17. Bb4 Qa4 18.
Rfe1 Nb6 19. Rxe8+ Qxe8 20. Qd3 Qd8 21. Ba5 Qd5 22.
Re1 Bf5 23. Qe2 Be6 24. Qe5 Qxa2 25. Bxb6 axb6 26. Ng5 Qd5 27. Qf4 h6 28. Nxe6 Qxe6 29. Rd1 Qe2 30. Rf1 b5 31. g3 b4 32. Qc7 Qb5 33. Qc5 Qxc5 34. dxc5 Ra5 35. Rb1 Rb5 36. Rb3 Kf8 37. Kf1 Ke7 38. Ke2 Ke6 39. Kd3 Kd5 40.
f4 f5 41. h3 h5 42. h4 Kxc5 43. Ke3 Kc4 44. Rb1 b3 45. Rc1+ Kb4 46. Kd4 b2 47. Rb1 Kb3 48. Kd3 Ka2 0-1

[Event "GrandPrix_29.05"]
[Site "Chess.com"]
[Date "2020.05.29"]
[Round "6"]
[White "Korchmar_Vasiliy"]
[Black "rfhfb"]
[Result "1-0"]
[WhiteElo "2054"]
[BlackElo "2096"]
[TimeControl "600+2"]
[EndTime "12:02:43 PDT"]
[Termination "Korchmar_Vasiliy won by resignation"]

1. d4 Nf6 2. c4 g6 3. Nc3 d5 4. Nf3 Bg7 5. Bf4 O-O 6. e3 dxc4 7. Bxc4 c5 8. dxc5 Qa5 9. Rc1 Qxc5 10. Bb3 Qa5 11. O-O Nc6 12. h3 Bf5 13. Qe2 Ne4 14.
g4 Nxc3 15. bxc3 Bd7 16. Rfd1 Rad8 17. Rd5 Qb6 18. c4 Be6 19. Rb5 Qa6 20. Ng5 Bc8 21. Ne4 Qa3 22. Rd1 Rxd1+ 23. Qxd1 Rd8 24. Rd5 Rf8 25.
Rd3 Qb2 26. c5 h6 27. Qf3 Na5 28. Bd5 e6 29. Bb3 Nxb3 30. axb3 g5 31. Bd6 Rd8 32. Kg2 f5 33. gxf5 exf5 34. Ng3 Qf6 35. Be5 Qe7 36.
Rxd8+ Qxd8 37. Bxg7 Kxg7 38. Nxf5+ Bxf5 39. Qxf5 Qc7 40. b4 a6 41. e4 Qc6 42. Qe5+ Kg6 43. Qd5 Qb5 44. Qd4 a5 45. bxa5 Qxa5 46. e5 Qb5 47. Qd6+ Kf5 48. Qf6+ Ke4 49. e6 Kd5 50. e7 Kxc5 1-0

[Event "GrandPrix_29.05"]
[Site "Chess.com"]
[Date "2020.05.29"]
[Round "6"]
[White "PresidenteMNE"]
[Black "Igor_Lysyj"]
[Result "0-1"]
[WhiteElo "2448"]
[BlackElo "2526"]
[TimeControl "600+2"]
[EndTime "12:02:49 PDT"]
[Termination "Igor_Lysyj won by resignation"]

1. d4 Nf6 2. Bg5 d5 3. Bxf6 exf6 4. e3 Bd6 5. g3 O-O 6. Bg2 c6 7. Ne2 Nd7 8. O-O Nb6 9. b3 Re8 10. Nd2 Bf5 11. Nf4 Bb4 12. a3 Bd6 13. Re1 a5 14. Qc1 Rc8 15. Qb2 c5 16. dxc5 Be5 17. c3 Rxc5 18.
Rac1 Qc7 19. Ne2 Rc8 20. Nd4 Bd7 21. Nb1 Qd8 22. Qe2 f5 23. Red1 Qf8 24. a4 g6 25.
Qe1 Bf6 26. Na3 h5 27. h4 Qe7 28. Nab5 Be5 29. c4 Bxb5 30. Nxb5 dxc4 31. Qxa5 cxb3 32.
Rxc5 Qxc5 33. Bxb7 Rb8 34. Qa7 b2 35. Kg2 Qc2 36.
Nd6 Bxd6 37. Rxd6 Rxb7 38. Qxb7 b1=Q 39. Rxb6 Qe4+ 40. Qxe4 Qxe4+ 41. Kg1 Qxa4 42. Rd6 Kf8 43. Rd4 Qc2 44. Kg2 Ke7 45. Rf4 Qc3 46. Rd4 Ke6 47.
Kf3 f6 48. Rd8 Qc6+ 49. Ke2 g5 50. hxg5 fxg5 51. Rd4 Qc1 52. Rd1 Qc4+ 53. Ke1 h4 54. gxh4 gxh4 55. Rd4 Qc1+ 56. Ke2 Qh1 57. Ra4 h3 58.
Ra6+ Kd7 59. Ra7+ Kc6 60. Ra6+ Kb7 61. Rf6 h2 62. Rxf5 Qg2 0-1

[Event "GrandPrix_29.05"]
[Site "Chess.com"]
[Date "2020.05.29"]
[Round "6"]
[White "RogerFederer13"]
[Black "LiamVrolijk"]
[Result "0-1"]
[WhiteElo "2117"]
[BlackElo "2389"]
[TimeControl "600+2"]
[EndTime "12:02:50 PDT"]
[Termination "LiamVrolijk won by resignation"]

1. e4 e5 2. Nf3 Nc6 3. Bb5 Nf6 4. d3 Bc5 5. Bxc6 dxc6 6. h3 Nd7 7. Nc3 f6 8. Be3 Bd6 9. Nd2 Nf8 10. O-O Ne6 11. Ne2 O-O 12. Nc4 b6 13. f4 exf4 14. Nxf4 Nxf4 15. Bxf4 Bxf4 16. Rxf4 Be6 17. Ne3 Qd4 18. Qc1 f5 19. Kh1 fxe4 20. Rxe4 Qd7 21. Qe1 Rf6 22. Qg3 Rg6 23. Qe5 Rf8 24. Re1 h6 25. Rf4 Re8 26. Ng4 Kh7 27. Rfe4 Rf8 28. Ne3 a5 29.
Rf4 Re8 30. Re4 Bf7 31. Qf5 Qxf5 32. Nxf5 Rxe4 33. Rxe4 Bd5 34. Re2 Rf6 35. Ne3 Bxa2 36. b3 Rf4 37. g3 Rd4 38. Nd1 a4 39. c3 Rxd3 40. Nf2 Rxc3 41. Rxa2 axb3 42. Ra1 b2 0-1

[Event "GrandPrix_29.05"]
[Site "Chess.com"]
[Date "2020.05.29"]
[Round "6"]
[White "Vuk2000"]
[Black "caspiwins"]
[Result "1-0"]
[WhiteElo "2301"]
[BlackElo "2258"]
[TimeControl "600+2"]
[EndTime "12:02:52 PDT"]
[Termination "Vuk2000 won by checkmate"]

1. d4 f5 2. Nf3 Nf6 3. c4 g6 4.
g3 Bg7 5. Bg2 O-O 6. O-O d6 7. b4 e5 8. dxe5 dxe5 9. Bb2 e4 10.
Nd4 a5 11. a3 axb4 12. axb4 Rxa1 13. Bxa1 Na6 14. Bc3 c5 15. bxc5 Nxc5 16. Bb4 b6 17. Nc3 Bb7 18. Ncb5 Qe7 19. e3 Ng4 20. Nb3 Rd8 21.
Qc1 Ne5 22. Bxc5 bxc5 23. Qa3 Nd3 24. Qa5 Ra8 25. Qc7 Qxc7 26. Nxc7 Ra3 27. Rb1 Bc6 28. Ne6 Ra2 29. Nbxc5 Nb2 30. Nxg7 Kxg7 31. Ne6+ Kf6 32. Nd4 Bd7 33. c5 Ke5 34. c6 Bc8 35. Bf1 Kd5 36. c7 Kc5 37. Nb3+ Kb6 38. Nc1 Ra3 39. Rxb2+ Kxc7 40. Nb3 Bd7 41. h4 Kd6 42. Nd4 Ra1 43. Kg2 Rc1 44.
Rb6+ Ke7 45. Rb7 Kd6 46. Bb5 Bxb5 47. Rxb5 Rc7 48. h5 Ke7 49. Rb6 Kf7 50. Ne6 Re7 51.
Nf4 g5 52. Nd5 Re5 53. Rf6+ Ke8 54. Nb6 Rb5 55. Rh6 Kf8 56. Nc4 Kg7 57. Re6 Rc5 58. Nd6 Rd5 59. h6+ Kf8 60. Re8# 1-0

[Event "GrandPrix_29.05"]
[Site "Chess.com"]
[Date "2020.05.29"]
[Round "6"]
[White "AvitalBor"]
[Black "Azatic"]
[Result "1-0"]
[WhiteElo "2604"]
[BlackElo "2533"]
[TimeControl "600+2"]
[EndTime "12:02:55 PDT"]
[Termination "AvitalBor won by checkmate"]

1. e4 c5 2. c3 d5 3. exd5 Qxd5 4. d4 Nf6 5. Nf3 e6 6. Be2 Nc6 7. Na3 Be7 8. Nb5 Qd8 9. dxc5 Bxc5 10. Qxd8+ Kxd8 11. Bf4 Nd5 12. Bg3 a6 13. Nd6 Ke7 14. Ne4 Ba7 15. O-O-O Rd8 16. c4 Nf6 17. Nxf6 gxf6 18.
Rxd8 Nxd8 19. Rd1 Bb8 20. c5 Bxg3 21. hxg3 Bd7 22. Nd4 Rc8 23. b4 a5 24. a3 axb4 25.
axb4 b6 26. Ba6 Rc7 27. Nb3 Ba4 28. Kb2 bxc5 29. Rc1 Bxb3 30. Kxb3 Nc6 31. Rxc5 Kd6 32. g4 Ra7 33. Bd3 Ra1 34. Be4 Nd4+ 35. Kc4 e5 36. Rd5+ Ke6 37. Ra5 Rc1+ 38. Kd3 Rd1+ 39. Kc3 Rc1+ 40.
Kb2 Rf1 41. f3 Rf2+ 42. Kc3 h5 43. gxh5 f5 44. Ra6+ Kd7 45. Bd5 Rxg2 46. h6 Nb5+ 47. Kd3 Nc7 48. Ra2 Rg8 49. Bxf7 Rh8 50. Rh2 Ke7 51. Bc4 Ne8 52. b5 Kd6 53. Kc3 Kc5 54. h7 Nf6 55. Rh6 Nxh7 56. Rc6# 1-0

[Event "GrandPrix_29.05"]
[Site "Chess.com"]
[Date "2020.05.29"]
[Round "6"]
[White "sergoy"]
[Black "Keks2017"]
[Result "0-1"]
[WhiteElo "2302"]
[BlackElo "2378"]
[TimeControl "600+2"]
[EndTime "12:02:56 PDT"]
[Termination "Keks2017 won by checkmate"]

1. d4 d6 2. Nf3 Nf6 3. c4 Nbd7 4. Nc3 e5 5. g3 g6 6. Bg2 Bg7 7. O-O O-O 8. e4 exd4 9. Nxd4 a6 10.
h3 Re8 11. Re1 Rb8 12. Rb1 Ne5 13. b3 c5 14. Nde2 b5 15. cxb5 axb5 16. f4 Ned7 17. b4 Bb7 18. bxc5 Nxc5 19. Rxb5 Nfxe4 20. Nxe4 Bxe4 21. Rxb8 Qxb8 22. Bxe4 Nxe4 23. Be3 Qa8 24.
Qc2 h5 25. h4 Ng5 26. hxg5 Rxe3 27. Rf1 Ra3 28. f5 Rxa2 29. Qc4 d5 30. Qd3 Ra3 31. Qc2 Qe8 32. fxg6 fxg6 33. Nf4 Rxg3+ 34. Kh2 Rxg5 35. Rf3 Kh7 36. Qf2 Rg4 37. Qa7 Qe5 38. Qf7 d4 39. Kh3 Qe4 40. Ne6 Rh4+ 41. Kg2 Qg4+ 42.
Kf1 Rh1+ 43. Ke2 Qe4+ 44. Kd2 Rh2+ 45. Kd1 Qe2+ 46. Kc1 Qc2# 0-1

[Event "GrandPrix_29.05"]
[Site "Chess.com"]
[Date "2020.05.29"]
[Round "6"]
[White "Matibar"]
[Black "klimkoj"]
[Result "1-0"]
[WhiteElo "2384"]
[BlackElo "2117"]
[TimeControl "600+2"]
[EndTime "12:02:56 PDT"]
[Termination "Matibar won by resignation"]

1. e4 c5 2. Nf3 d6 3. d4 cxd4 4. Nxd4 Nf6 5. Nc3 a6 6. g3 e5 7. Nde2 Be7 8. Bg2 O-O 9. O-O Qc7 10. a4 b6 11. h3 Nbd7 12. g4 Bb7 13. Ng3 Nc5 14.
g5 Ne8 15. Nd5 Bxd5 16. exd5 f5 17. f4 e4 18. h4 Rc8 19. Be3 Qb7 20. Rf2 Nc7 21.
Bf1 Kh8 22. Rd2 Nd7 23. c4 a5 24. Ne2 Nc5 25. Nd4 N7a6 26. Bh3 Qd7 27. h5 Nb4 28. Ra3 Nbd3 29. Raxd3 exd3 30. b3 Rce8 31. Rxd3 Bd8 32. Bf2 Re4 33. Rf3 Qf7 34. h6 g6 35.
Nb5 Qd7 36. Bg2 Rfe8 37. Kh2 Kg8 38. Bf1 R4e7 39. Kg2 Ne4 40. Bd4 Nxg5 41. fxg5 Re4 42. Bd3 Rg4+ 43. Rg3 Rxg3+ 44. Kxg3 Bxg5 45. Qf3 Bxh6 46. Bxb6 Qe7 47. Bf2 Qe5+ 48. Kg2 Bg7 49. c5 dxc5 50.
d6 Bf6 51. Bc4+ Kg7 52. Qd5 Rd8 53. Qxe5 Bxe5 54. Bxc5 g5 55. Bb6 Rf8 56. d7 Bf6 57. Nd4 Bxd4 58. Bxd4+ Kg6 59. Bb6 f4 60. d8=Q Rxd8 61.
Bxd8 1-0

[Event "GrandPrix_29.05"]
[Site "Chess.com"]
[Date "2020.05.29"]
[Round "6"]
[White "Baron_von_Koenig"]
[Black "GM_RobertoMogranzini"]
[Result "0-1"]
[WhiteElo "2044"]
[BlackElo "2077"]
[TimeControl "600+2"]
[EndTime "12:03:06 PDT"]
[Termination "GM_RobertoMogranzini won by resignation"]

1. Nc3 c5 2. Nf3 g6 3. d4 cxd4 4. Qxd4 Nf6 5. Qh4 Bg7 6. e4 d6 7. Bh6 Bxh6 8. Qxh6 Qa5 9. O-O-O Be6 10. a3 Nc6 11. Ng5 Rc8 12. Nxe6 fxe6 13. Bc4 Nd8 14. Qg7 Qg5+ 15. Kb1 Rg8 16. h4 Qh5 17. g4 Qxg4 18.
Bb5+ Nc6 19. Qh6 Qh5 20. Qe3 a6 21. Ba4 Nd7 22. Bb3 Nd8 23. f4 Rf8 24. Ne2 Qc5 25.
Qh3 Qf2 26. Rh2 Qc5 27. Rd3 Qa5 28. Rd1 Nc5 29. h5 Nxb3 30. Qxb3 gxh5 31. Rdh1 Rc5 32.
Qf3 Qd2 33. c3 Rb5 34. Nd4 Rxb2+ 35. Ka1 Qxh2 36. Rxh2 Rxh2 37. Qg3 Rh1+ 38. Kb2 Rf1 39. Ne2 Kd7 40. Qh3 Rf2 41. Qxh5 R8xf4 42. Kb3 Rxe4 43. Nd4 Rf7 44. Qh1 Re5 45. Nc2 Rb5+ 46. Nb4 a5 47. Ka4 Rc5 48. Nd3 Rxc3 49. Qe4 Nc6 50. Nf4 Rf6 51. Ne2 Rc5 52. Nf4 h5 53. Nd3 Rc3 54.
Kb5 h4 55. Nf4 Rf5+ 56. Ka4 Re5 57. Qb1 b5+ 0-1

[Event "GrandPrix_29.05"]
[Site "Chess.com"]
[Date "2020.05.29"]
[Round "6"]
[White "ulkaf961"]
[Black "Hero_in_my_life"]
[Result "1-0"]
[WhiteElo "2129"]
[BlackElo "2116"]
[TimeControl "600+2"]
[EndTime "12:03:09 PDT"]
[Termination "ulkaf961 won by resignation"]

1. e4 c6 2. c4 d5 3. cxd5 cxd5 4. exd5 Nf6 5. Nc3 Nxd5 6. d4 e6 7. Nf3 Bb4 8. Bd2 O-O 9. Bd3 Nc6 10. O-O Be7 11.
a3 Bf6 12. Ne4 Nxd4 13. Nxf6+ Qxf6 14. Nxd4 Qxd4 15. Bb4 Qf6 16. Bxf8 Kxf8 17. Qa4 Qe7 18. Qe4 g6 19. Bc4 Nf6 20. Qf3 Rb8 21. Qg3 Ra8 22.
Rad1 Bd7 23. Qe5 Bc6 24. Rd6 Rd8 25. Rfd1 Rxd6 26. Rxd6 Kg8 27. Rd4 Nd7 28. Qe3 a6 29. h4 h5 30. Qg5 Qxg5 31. hxg5 Kf8 32. b4 Ke7 33. Bb3 Nb6 34. g4 hxg4 35. Rxg4 Nc8 36. Rh4 Nd6 37. Bc2 b5 38. Bd3 e5 39. Kh2 Ke6 40. Rh7 e4 41. Bc2 Bd5 42. Kg3 Kf5 43. f4 Nc4 44. Rh8 Nxa3 45. Re8 Be6 46. Bb3 Nc4 47. Ra8 Ne3 48. Bxe6+ Kxe6 49. Rxa6+ Kd5 50. Rf6 Nf5+ 51. Kf2 e3+ 52. Ke1 Ke4 53. Rxf7 Kf3 54. Rxf5 1-0

[Event "GrandPrix_29.05"]
[Site "Chess.com"]
[Date "2020.05.29"]
[Round "6"]
[White "Hakob-Hakobyan-Arm"]
[Black "EvgenyPigusov"]
[Result "0-1"]
[WhiteElo "2110"]
[BlackElo "2294"]
[TimeControl "600+2"]
[EndTime "12:03:23 PDT"]
[Termination "EvgenyPigusov won by resignation"]

1. Nf3 c5 2. c4 g6 3. d4 cxd4 4. Nxd4 Nc6 5. e4 Nf6 6. Nc3 d6 7. Be2 Nxd4 8. Qxd4 Bg7 9. Be3 O-O 10. Qd2 a5 11. O-O a4 12. f3 Qa5 13. Rab1 Be6 14. b4 axb3 15. axb3 Rfc8 16. Rfc1 Qb4 17. Qc2 Nd7 18. Nb5 Qa5 19. Nd4 Qa2 20. Nxe6 fxe6 21.
b4 Qxc2 22. Rxc2 b6 23. f4 Kf7 24. c5 bxc5 25. Bb5 Nf6 26. bxc5 Ng4 27. Bf2 Nxf2 28. Kxf2 Bd4+ 29. Kf1 Rxc5 30. Rxc5 Bxc5 31. Rb2 Ra3 32.
g3 Kf6 33. Rc2 g5 34. Kg2 Be3 35. e5+ dxe5 36. fxg5+ Kxg5 37. Re2 e4 38. h4+ Kf5 39. Bc6 Ke5 40. Bd7 Kd4 41. Bxe6 Kd3 42. Bg4 Bd4 43. Re1 Ra2+ 44. Kh3 e3 45. Rd1+ Rd2 46.
Bf5+ Ke2 47. Rg1 Kf2 48. Rg2+ Kf1 49. Rxd2 exd2 50. Bc2 Ke1 51. Kg4 Bf2 52. Kf3 h6 53. Bb3 Bd4 54. Ke4 Bb2 55. Kf5 d1=Q 56. Bxd1 Kxd1 57.
g4 Ke2 58. g5 h5 59. Ke6 Kf3 60. Kxe7 Kg4 61. Ke6 Kxh4 62. Kf5 Kg3 0-1

[Event "GrandPrix_29.05"]
[Site "Chess.com"]
[Date "2020.05.29"]
[Round "6"]
[White "GM_dmitrij"]
[Black "DinaBelenkaya"]
[Result "1-0"]
[WhiteElo "2482"]
[BlackElo "1599"]
[TimeControl "600+2"]
[EndTime "12:03:28 PDT"]
[Termination "GM_dmitrij won by resignation"]

1. e4 d5 2. exd5 Qxd5 3. Nc3 Qa5 4. d4 Nf6 5. Nf3 c6 6. Bd2 Qb6 7. Bc4 Bf5 8. Ne5 e6 9. Ne2 Nbd7 10. O-O Nxe5 11.
dxe5 Nd5 12. Bb3 Bc5 13. Ng3 Bg6 14. Qe2 a5 15. a4 O-O 16. h4 h6 17. h5 Bh7 18. Ne4 Bd4 19. Nd6 Bxb2 20. Nc4 Qd4 21. Rad1 Bc3 22. Bxh6 Qh4 23. Bc1 Bd4 24. Qf3 c5 25.
Rde1 Nc3 26. Nd6 b5 27. Bd2 b4 28. g3 Qh3 29. Be3 Rad8 30. Bg5 Rd7 31. Bf4 Rxd6 32. exd6 Kh8 33. Be5 Rd8 34. Bxd4 cxd4 35. Qxf7 Be4 36. Rxe4 Nxe4 37. Bxe6 Ng5 38. Bxh3 Nxf7 39. d7 Ne5 40.
Rd1 d3 41. Kg2 dxc2 42. Rc1 b3 43. Bf5 Rxd7 44. Bxc2 bxc2 45. Rxc2 Rd4 46. Rc5 Nc4 47. f4 Kh7 48. Kf3 Kg8 49. g4 Kf7 50. g5 Ke6 51.
h6 gxh6 52. gxh6 Kf6 53. Rc7 Nd6 54. h7 Rd2 55. h8=Q+ 1-0

[Event "GrandPrix_29.05"]
[Site "Chess.com"]
[Date "2020.05.29"]
[Round "6"]
[White "Bestromano"]
[Black "GMStefanova"]
[Result "0-1"]
[WhiteElo "2108"]
[BlackElo "2375"]
[TimeControl "600+2"]
[EndTime "12:03:28 PDT"]
[Termination "GMStefanova won by resignation"]

1. e4 c6 2. d4 d5 3. e5 c5 4.
dxc5 e6 5. Be3 Nd7 6. Nf3 Bxc5 7. Bxc5 Nxc5 8. a3 Ne7 9. Bd3 Qc7 10. O-O Ng6 11. Re1 O-O 12. Nc3 a6 13. Bxg6 fxg6 14. Qd4 Bd7 15. Qh4 h6 16. Rad1 g5 17. Qg3 Be8 18. h4 Bh5 19. hxg5 Bxf3 20. gxf3 hxg5 21.
Rd4 Rf5 22. Rg4 Raf8 23. Re3 Qe7 24. Ne2 Nd7 25. Nd4 Rf4 26. c3 Rxg4 27. Qxg4 Nc5 28. Kg2 Rf4 29. Qg3 Nd7 30. Re1 Nf8 31. Rh1 Ng6 32. Rh5 Rxd4 33. Rxg5 Nh4+ 34. Kf1 Rc4 35. b3 Rxc3 36. Qxh4 Rxf3 37. Qg4 Rxb3 38. Rg6 Rb6 39. Kg2 Rc6 40. Rh6 Qf7 41. Rf6 Rc4 42. Qg5 Qe8 43. Rg6 Qd7 44. Rh6 d4 45. Qg6 Qd5+ 46. f3 Rc2+ 47.
Qxc2 gxh6 48. Qg6+ Kf8 49. Qxh6+ Ke7 50. Qg7+ Kd8 51.
Kf2 Kc8 52. Qf8+ Kc7 53. Qe7+ Kb8 54. Qd6+ Qxd6 55. exd6 Kc8 56. Ke2 Kd7 57. Kd3 e5 58. f4 Kxd6 59. fxe5+ Kxe5 0-1

[Event "GrandPrix_29.05"]
[Site "Chess.com"]
[Date "2020.05.29"]
[Round "6"]
[White "Malysch"]
[Black "yamalchess"]
[Result "1/2-1/2"]
[WhiteElo "2360"]
[BlackElo "2445"]
[TimeControl "600+2"]
[EndTime "12:03:30 PDT"]
[Termination "Game drawn - insufficient material"]

1. d4 f5 2. g3 Nf6 3. Bg2 g6 4. Nf3 Bg7 5. O-O O-O 6. c4 d6 7. Nc3 Qe8 8. Re1 Qf7 9. e4 fxe4 10. Nxe4 Qxc4 11. Nxf6+ exf6 12. Re7 Na6 13. Bf4 g5 14. Be3 Bg4 15. Nd2 Bxd1 16. Nxc4 Be2 17. Na5 Rae8 18. Bd5+ Kh8 19. Rxe8 Rxe8 20. Bxb7 f5 21. Re1 Bd3 22.
Rd1 Bb5 23. Bxg5 Nb4 24. a3 Nc2 25. Nc6 a5 26. Rd2 Ne1 27. Nxa5 c6 28. Bf4 Nf3+ 29. Kg2 Nxd2 30. Bxd2 Bxd4 31. Bxc6 Re2 32. Bxb5 Rxf2+ 33. Kh3 Rxd2 34. Nb3 Rd1 35. Be2 Rb1 36. Nxd4 Rxb2 37. Bb5 Kg7 38. a4 Kf6 39. Nf3 Ra2 40. g4 fxg4+ 41.
Kxg4 d5 42. Kf4 Ke6 43. h4 h6 44. Ke3 Kf5 45. Kd4 Kf4 46. Ne5 Rh2 47. Kxd5 Kf5 48. Bd3+ Kf4 49. a5 Kg3 50. a6 Rxh4 51. Nc4 Rf4 52.
a7 Rf8 53. Nb6 h5 54. a8=Q Rxa8 55. Nxa8 h4 56. Ke4 h3 57. Ke3 Kg2 58. Be4+ Kg1 59.
Kf4 h2 60. Kg3 h1=Q 61. Bxh1 Kxh1 1/2-1/2